 Dungeon Crawl Stone Soup version 0.29.1-1-gd02db6906a (webtiles) character file.

Game seed: 2005820262395735319

38 groovy9 the Shooter (level 3, -6/25 (28) HPs)
             Began as a Formicid Hunter on Sept 17, 2022.
             Killed by nerve-wracking pain
             ... invoked by an orc priest
              (13 damage)
             ... on level 2 of the Dungeon.
             The game lasted 00:04:53 (1316 turns).

groovy9 the Shooter (Formicid Hunter)               Turns: 1316, Time: 00:04:54

HP:   -6/25 (28)    AC:  3    Str: 15    XL:     3   Next: 65%
MP:   3/3           EV: 12    Int:  8    God:
Gold: 123           SH:  0    Dex: 19    Spells: 2/2 levels left

rFire   . . .      SeeInvis +   a - +0 shortbow
rCold   . . .      Faith    .   (no shield)
rNeg    . . .      Spirit   .   c - +0 leather armour
rPois   .          Reflect  .   (helmet unavailable)
rElec   .          Harm     .   (no cloak)
rCorr   .          Rampage  .   (no gloves)
Will    .....                   (no boots)
Stlth   ++........              (no amulet)
HPRegen 0.08/turn               (no ring)
MPRegen 0.08/turn               (no ring)

@: heavily drained
A: permanent stasis, dig shafts and tunnels, antennae 3, four strong arms
a: Dig, Shaft Self


You were on level 2 of the Dungeon.
You visited 1 branch of the dungeon, and saw 2 of its levels.

You collected 123 gold pieces.

Inventory:

Hand Weapons
 a - a +0 shortbow (weapon)
Armour
 c - a +0 leather armour (worn)
 l - the +5 ring mail of the Thirteen Allies {*Corrode +Blink Str+7 SInv}
   (You found it on level 2 of the Dungeon)

   Str:       It affects your strength (+7).
   SInv:      It lets you see invisible.
   +Blink:    It lets you blink.
   *Corrode:  It may corrode you when you take damage.
Scrolls
 b - a scroll of immolation
 e - a scroll of identify {unknown}
 f - 2 scrolls of torment {unknown}
 g - a scroll of fog {unknown}
 h - a scroll of amnesia {unknown}
 i - a scroll of teleportation {unknown}
 j - a scroll of magic mapping {unknown}
Potions
 d - 3 potions of magic {unknown}
 k - 4 potions of curing {unknown}
 m - a potion of heal wounds {unknown}
 n - a potion of berserk rage {unknown}


   Skills:
 + Level 2.8 Fighting
 * Level 4.6 Ranged Weapons
 + Level 2.2 Dodging
 - Level 1.2 Stealth


You had 2 spell levels left.
You didn't know any spells.
Your spell library contained the following spells:

 Spells                   Type           Power      Damage    Failure   Level
 Magic Dart               Conj           0%         1d3       47%         1
 Call Imp                 Summ           0%         N/A       63%         2
 Mephitic Cloud           Conj/Pois/Air  0%         N/A       85%         3
 Stone Arrow              Conj/Erth      0%         3d7       85%         3
 Animate Armour           Summ/Erth      0%         N/A       99%         4
 Animate Dead             Necr           0%         N/A       99%         4
 Haunt                    Necr/Summ      0%         N/A       100%        7
 Infestation              Necr           0%         N/A       100%        8
 Lehudib's Crystal Spear  Conj/Erth      0%         10d2      100%        8


Dungeon Overview and Level Annotations

Branches:
Dungeon (2/15)

Altars:

Shops:
D:1 !


Innate Abilities, Weirdness & Mutations

You cannot be hasted, slowed, berserked, paralysed or teleported.
You can dig through walls and to a lower floor.
You have a pair of large antennae on your head. (SInv)
Your four strong arms can wield two-handed weapons with a shield.


Message History

The orc priest shouts!
The orc shouts!
You hear a shout!
An orc comes into view. It is wielding a +0 hand axe.
The orc priest attacks as you move away!
The orc priest hits you with a +0 short sword.
An orc comes into view. It is wielding a +0 hand axe.
The orc shouts!
An orc comes into view. It is wielding a +0 trident.
The orc priest begins to cast a cantrip, but forgets the words!
You shoot an arrow.
The arrow closely misses the orc priest.
You shoot an arrow. The arrow hits the orc!
You kill the orc!
You shoot an arrow. The arrow hits the orc priest.
The orc priest is heavily wounded.
The orc priest mumbles some strange prayers to Beogh against you.
Beogh smites you!
The orc priest mumbles some strange prayers to Beogh against you.
Pain shoots through your body!
* * * LOW HITPOINT WARNING * * *
You are too injured to fight recklessly!
Okay, then.
Non-targeted abil: Dig
Press: ? - help, Q - select action, (/) - cycle Dir - look around, f - activate Look: an orc priest, wielding a +0 short sword and wearing a +0 leather armour (heavily wounded)
You extend your mandibles.
You are too injured to fight recklessly!
Non-targeted abil: Dig
Press: ? - help, Q - select action, (/) - cycle Dir - look around, f - activate Look: an orc priest, wielding a +0 short sword and wearing a +0 leather armour (heavily wounded)
You retract your mandibles.
You are too injured to fight recklessly!
Fire: a) +0 shortbow
Press: ? - help, Q - select action, (/) - cycle Shift-Dir - straight line, f/p - orc priest
Aim: an orc priest, wielding a +0 short sword and wearing a +0 leather armour (heavily wounded, 64% to hit)
You shoot an arrow.
The arrow closely misses the orc priest.
The orc priest invokes the aid of Beogh against you.
Pain shoots through your body!
Ouch! That really hurt!
You die...

#.######## ### #
##......... .o .#
...########
##.##o.# ##.#
#.#####...#..# #.#
#.......#.{..# #.#
#{oo# #.# ##{##
#.###############o#
#.#..>.........@..#
#.#.###############
#.#.# ##.#.# #..#.#
#.##.# #.##.#######
#รท##.......# #####
#.##.......###...##


You could see an orc priest.

Vanquished Creatures
  An adder (D:2)
  An orc (D:2)
  3 bats (D:1)
  2 giant cockroaches
  3 goblins
  2 hobgoblins (D:2)
  2 quokkas (D:2)
  2 ball pythons
  2 frilled lizards
  6 kobolds
  3 rats
27 creatures vanquished.

Notes
Turn   | Place    | Note
-------+----------+-------------------------------------------
     0 | D:1      | groovy9 the Formicid Hunter began the quest for the Orb.
     0 | D:1      | Reached XP level 1. HP: 16/16 MP: 1/1
    91 | D:1      | Found Fuhalou's Distillery.
   135 | D:1      | Reached XP level 2. HP: 23/23 MP: 2/2
   773 | D:2      | Found a faded altar of an unknown god.
   775 | D:2      | Reached XP level 3. HP: 28/28 MP: 3/3
   940 | D:2      | Identified the +5 ring mail of the Thirteen Allies
                  | {*Corrode +Blink Str+7 SInv}
  1316 | D:2      | Killed from afar by an orc priest

Illustrated notes

Levels and vault maps discovered:
D:1:      sevenhm_arrival_forest_fort_small_4, layout_loops_ring, serial_shops,
          shop, minmay_misc_feat_plants, hangedman_abyss_or_decor_lesser_grid,
          nrook_uturn
D:2:      layout_loops_ring, nicolae_ecumenical_pavilion, grunt_decor_cap

Skill      XL: |  1  2 |
---------------+-------+-----
Dodging        | 2 |  2.2
Fighting       | |  2.8
Ranged Weapons | |  4.6
Stealth        | |  1.2

Action                   || total
-------------------------++-------
 Fire: Shortbow          ||    60
 Abil: Dig               ||     8
Armor: Leather armour    ||     6
Dodge: Dodged            ||    11
